[Event "Late-Titled-Tuesday-Blitz-March-19-2024"]
[Site "Chess.com"]
[Date "2024.03.19"]
[Round "9"]
[White "EsmeraldasAnderson03"]
[Black "sergiochess83"]
[Result "0-1"]
[WhiteElo "2579"]
[BlackElo "2947"]
[TimeControl "180+1"]
[EndTime "15:45:26 PDT"]
[Termination "sergiochess83 won by checkmate"]

1. d4 d5 2. c4 dxc4 3. e3 e5 4. Bxc4 Nc6 5. Nf3 e4 6. Nfd2 Qg5 7. Nxe4 Qxg2 8. Ng3 Nf6 9. Nc3 Bd6 10. Bf1 Qxh1 11. Nxh1 Bxh2 12. f4 Ng4 13. Be2 h5 14.
Nd5 Kd8 15. b3 Be6 16. Nc3 Bd7 17. Ba3 Nxe3 18. Qd3 Bxf4 19. Bc1 Nb4 20. Qe4 Re8 21. Qf3 Bc6 22. d5 Nbxd5 23. Nxd5 Bxd5 24. Qh3 g5 25. Kf2 c6 26. Qxh5 Kc7 27. Bb2 Rad8 28. Ng3 Re6 29.
Qxf7+ Kb8 30. Qh5 Nc2 31. Rd1 Be3+ 32. Kf1 Rf8+ 33. Bf3 Rxf3+ 34. Kg2 Rf8+ 35. Kh3 Bf4 36. Bg7 Rd8 37. Bh6 Red6 38. Rg1 Be6+ 39. Kh2 Ne3 40.
Qxg5 Bxg5 41. Bxg5 Ng4+ 42. Kh3 Rg8 43. Kh4 Nf2 44.
Ne2 Rh8+ 45. Kg3 Ne4+ 46. Kf4 Nxg5 47. Rxg5 Bc8 48. Nc3 Rf6+ 49. Ke5 Re6+ 50. Kd4 Rd8+ 51. Kc4 b6 52. b4 Ba6+ 53. Kb3 Rd3 54. Rg8+ Kc7 55. Rg7+ Rd7 56. Rg3 Red6 57. b5 Bxb5 58. Kb4 Ba6 59. a4 Rd4+ 60. Kb3 Rd3 61. Rg4 Bc8 62.
Kb2 a5 63. Rc4 R3d4 64. Nb5+ Kb7 65. Nxd4 c5 66. Nb5 Rd5 67. Rf4 Bd7 68. Rf7 Kc8 69. Na7+ Kd8 70. Nb5 Bxb5 71. axb5 Rd4 72. Kc3 Rb4 73.
Rf6 Kc7 74. Rc6+ Kb7 75. Rf6 Rxb5 76. Kc4 Rb4+ 77. Kc3 Rd4 78. Rf7+ Ka6 79. Rf8 a4 80. Ra8+ Kb5 81. Ra7 Rc4+ 82. Kd3 Rh4 83. Kc3 Rh3+ 84. Kb2 Kb4 85. Rg7 Rh2+ 86. Ka1 c4 87. Rg1 b5 88.
Rb1+ Kc5 89. Rc1 a3 90. Rb1 b4 91. Rc1 b3 92. Rd1 Kb4 93. Rb1 Ra2# 0-1

[Event "Late-Titled-Tuesday-Blitz-March-19-2024"]
[Site "Chess.com"]
[Date "2024.03.19"]
[Round "9"]
[White "rhungaski"]
[Black "Willhaven3"]
[Result "1-0"]
[WhiteElo "2620"]
[BlackElo "2497"]
[TimeControl "180+1"]
[EndTime "15:45:30 PDT"]
[Termination "rhungaski won on time"]

1. e4 Nf6 2. e5 Nd5 3. d4 d6 4. c4 Nb6 5. f4 Bf5 6. Nc3 dxe5 7. fxe5 e6 8. Nf3 Nc6 9. Be2 Be7 10. O-O O-O 11.
Be3 f6 12. exf6 Bxf6 13. Qd2 Qe7 14. Rad1 Rad8 15. Qc1 h6 16. h3 Bh7 17. Kh1 Kh8 18.
Bg1 Rd7 19. Rfe1 Qb4 20. a3 Qa5 21. b4 Qf5 22. Bd3 Qh5 23. Bxh7 Kxh7 24. Ne4 Qg6 25. Nc5 Re7 26. Nxe6 Rfe8 27. d5 Nd8 28. Nxd8 Rxd8 29.
Rxe7 Bxe7 30. Re1 Bf6 31. Bxb6 axb6 32. Qe3 Bb2 33. Nh4 Qc2 34. Re2 Qb1+ 35. Kh2 Bf6 36. Nf3 Ra8 37. c5 Rd8 38. Rd2 bxc5 39. bxc5 Qb5 40. d6 cxd6 41. Qe4+ Kh8 42. cxd6 Qd7 43. a4 Re8 44. Qd5 Qxa4 45. Qxb7 Rd8 46. Qd5 Qd7 47. g3 Rc8 48. Ne5 Bxe5 49. Qxe5 Re8 50. Qd5 Re6 51. h4 Rf6 52. h5 Rf5 53. Qe4 Rxh5+ 54. Kg1 Rb5 55. Qf4 Rb7 56. Qf8+ Kh7 57.
Kh2 Rb5 58. Qe7 Rh5+ 59. Kg1 Qxe7 60. dxe7 Re5 61. Rd7 Kg6 62. Kf2 Kf7 63. e8=Q+ Kxe8 64. Rxg7 Re7 65. Rg6 Rh7 66. Kg2 Kf7 67. Ra6 Kg7 68.
Kh3 Kf7 69. Kh4 Rg7 70. Rxh6 Kf8 71. Ra6 Kf7 72. g4 Kg8 73. Kh5 Kh7 74. g5 Rb7 75. Rc6 Kg7 76. Rh6 Ra7 77. Rg6+ Kh7 78. Rf6 Kg7 79. Rf5 Ra1 80. Rf4 Rh1+ 81. Kg4 Rg1+ 82. Kf5 Re1 83. Rf3 Ra1 84. Rb3 Ra5+ 85. Kg4 Kg8 86. Rb7 1-0

[Event "Late-Titled-Tuesday-Blitz-March-19-2024"]
[Site "Chess.com"]
[Date "2024.03.19"]
[Round "9"]
[White "Vladimir_Zakhartsov"]
[Black "Igrok3069"]
[Result "0-1"]
[WhiteElo "2985"]
[BlackElo "2884"]
[TimeControl "180+1"]
[EndTime "15:45:37 PDT"]
[Termination "Igrok3069 won by resignation"]

1. d4 d5 2. c4 c6 3. cxd5 cxd5 4. Bf4 Nc6 5. e3 Nf6 6. Bb5 e6 7. Nf3 Bd6 8. Nc3 Bxf4 9. exf4 Bd7 10. O-O O-O 11. Bd3 Rc8 12. Rc1 Qa5 13. Re1 Rfd8 14. a3 a6 15. Bb1 g6 16. Ne5 Qb6 17. Nxc6 Bxc6 18. Qd2 Ne4 19. Bxe4 dxe4 20. Rcd1 f5 21. h4 Rd7 22. h5 Rcd8 23. Qe3 gxh5 24. Qg3+ Rg7 25.
Qh4 Qc7 26. Re3 Rg4 27. Qf6 Rg6 28. Qh4 Rd7 29. g3 Qd8 30. Qxh5 Rxd4 31. Rxd4 Qxd4 32. Kg2 Qd6 33. Ne2 Bb5 34. Nc3 Bd3 35. Qh4 Kg7 36. Qh5 Qe7 37. Re1 Rh6 38. Qg5+ Qxg5 39. fxg5 Rh5 40. f4 exf3+ 41. Kxf3 Kf7 42. Kf4 Rh2 43. Rd1 Bb5 44. Nxb5 axb5 45. Rd7+ Kg6 46. b4 Rf2+ 47. Ke5 Re2+ 48. Kf4 Re4+ 49. Kf3 Kxg5 50. Rxb7 Re5 51.
Rxh7 Rd5 52. Rg7+ Kf6 53. Rc7 Rd3+ 54. Kf2 Rxa3 55. Rc5 Ra2+ 56. Kf3 Ra3+ 57. Kf2 Kg5 58. Rxb5 Kg4 59. Re5 Rf3+ 60. Ke2 Rxg3 61. Rxe6 Rb3 62. Rb6 Rb2+ 63. Ke1 f4 64. Rg6+ Kf3 65. Rc6 Rxb4 66. Rc3+ Kg2 67. Rc2+ Kg3 68. Rc8 Rb1+ 69. Kd2 f3 70. Rg8+ Kf2 71. Rd8 Kg2 72. Rh8 Rb6 73. Rg8+ Kf2 74. Rd8 Re6 75. Rg8 Kf1 76. Rf8 f2 77. Rd8 Re2+ 78. Kd1 Re7 79. Kd2 Re6 80.
Rg8 Re5 81. Rd8 Re4 82. Rd7 Re5 83. Rd8 Re4 84. Rg8 Rd4+ 85. Ke3 Rd7 86. Rf8 Re7+ 87. Kd2 Rd7+ 88. Ke3 Ke1 89. Ra8 Re7+ 90. Kd4 f1=Q 91. Ra1+ Kf2 92. Ra2+ Qe2 93. Ra3 Qe3+ 94. Rxe3 Rxe3 0-1

[Event "Late-Titled-Tuesday-Blitz-March-19-2024"]
[Site "Chess.com"]
[Date "2024.03.19"]
[Round "9"]
[White "MalyDominator"]
[Black "ZachHKL"]
[Result "1-0"]
[WhiteElo "2535"]
[BlackElo "2234"]
[TimeControl "180+1"]
[EndTime "15:45:38 PDT"]
[Termination "MalyDominator won by checkmate"]

1. e4 c5 2. Nf3 Nc6 3. d4 cxd4 4.
Nxd4 Nf6 5. Nc3 e5 6. Ndb5 d6 7. Nd5 Nxd5 8. exd5 Nb8 9. c4 Be7 10. Be3 O-O 11. Be2 a6 12. Nc3 Nd7 13. O-O f5 14. f3 Nf6 15. Rc1 Bd7 16. b4 a5 17. a3 axb4 18. axb4 b6 19. c5 bxc5 20. bxc5 Ne8 21. c6 Bc8 22. Nb5 Bg5 23. Qd2 Bf6 24. Ra1 Rb8 25. Ba7 Ra8 26. Be3 Rb8 27. Ra7 f4 28.
Bf2 Rxb5 29. Bxb5 Bf5 30. c7 Nxc7 31. Bb6 Qb8 32. Qa5 Nxd5 33. Bc4 Kh8 34. Bxd5 Bd3 35. Rd1 Bc2 36. Rc1 Bf5 37. Rb7 Qe8 38. Qa7 Qg6 39. Rf7 Re8 40. Qa4 Rb8 41. Ba7 Bh3 42. Qa2 Rd8 43.
Rfc7 h5 44. Be4 Qg5 45. Bb6 Rf8 46. R7c6 h4 47. Rxd6 Bc8 48. Rdc6 Bd7 49. Rc7 Bh3 50. Bc5 Rb8 51. Rb7 Rc8 52. Ba3 Rd8 53. Qf2 Rd4 54.
Rbb1 Rd8 55. Rd1 Re8 56. Bc5 Rc8 57. Rbc1 Re8 58. Kh1 Be6 59. Rd6 h3 60. gxh3 Bxh3 61. Rg1 Qh6 62. Qe1 Qh5 63. Qf2 Qh6 64. Rdd1 Bh4 65.
Qd2 Bf6 66. Qf2 Bh4 67. Qe2 Bg3 68. Rd6 Be6 69. Rg2 Qh3 70. Bd5 Rb8 71. Bxe6 Rb1+ 72.
Rg1 Rxg1+ 73. Kxg1 Bh4 74. Qg2 Qxg2+ 75. Kxg2 Bf6 76. Kh3 Kh7 77. Kg4 Kg6 78. Bf5+ Kf7 79. Rd7+ Ke8 80. Rd1 Kf7 81. Bf2 g6 82. Bc8 Ke8 83.
Ba6 Kf7 84. Bb5 Be7 85. Bc4+ Kf6 86. h4 Kg7 87. h5 g5 88. Kf5 Kh6 89. Rh1 Bf8 90. Bf7 Bg7 91. Bg6 Bh8 92. Rd1 Bg7 93. Rd8 g4 94. fxg4 Bf6 95. g5+ Bxg5 96. Rh8+ Kg7 97.
Rh7+ Kg8 98. Kxg5 e4 99. Kxf4 e3 100. Bxe3 Kf8 101. Bc5+ Kg8 102. Rb7 Kh8 103. Bd4+ Kg8 104. Rb8# 1-0

[Event "Late-Titled-Tuesday-Blitz-March-19-2024"]
[Site "Chess.com"]
[Date "2024.03.19"]
[Round "9"]
[White "IMchanged"]
[Black "ozates"]
[Result "0-1"]
[WhiteElo "2663"]
[BlackElo "2586"]
[TimeControl "180+1"]
[EndTime "15:45:39 PDT"]
[Termination "ozates won by resignation"]

1. e4 c5 2. Nf3 Nc6 3. Bb5 g6 4. O-O Bg7 5. Re1 e5 6. Bxc6 dxc6 7. a4 f6 8. d3 b6 9. Be3 Nh6 10. h3 O-O 11. a5 Rb8 12. axb6 axb6 13. Qd2 Nf7 14.
b4 cxb4 15. Qxb4 Be6 16. Nbd2 Re8 17. Ra6 Bf8 18. Qb2 Bc5 19. Bxc5 bxc5 20. Qc3 Qd6 21. Nc4 Bxc4 22. Qxc4 Rb4 23. Qa2 Reb8 24. Ra7 R4b7 25. Nd2 Rxa7 26. Qxa7 Re8 27. Rb1 Re7 28. Rb7 Rxb7 29.
Qxb7 Ng5 30. Nc4 Qe6 31. Qb8+ Kg7 32. Qa7+ Nf7 33. Qxc5 f5 34. exf5 gxf5 35. d4 e4 36. Na5 e3 37. d5 exf2+ 38. Kxf2 cxd5 39. Qd4+ Kg6 40. Nb3 Ng5 41. Nc5 Ne4+ 42. Kg1 Nxc5 43. Qxc5 Qe1+ 44. Kh2 Qe5+ 45. Kg1 Qe1+ 46. Kh2 Qe5+ 47.
Kh1 Qe1+ 48. Qg1 Qc3 49. Qd1 d4 50. Qe2 Qa1+ 51. Kh2 Qc3 52. g3 Kf6 53. h4 h6 54.
Kh3 Qc6 55. Qd1 Qe4 56. Kh2 Qe3 57. Qf1 Kg6 58. Kh3 Qe4 59. Qa6+ Kg7 60. Qf1 Qg4+ 61. Kh2 Qe4 62. Qf2 Kg6 63. Qd2 Kg7 64. Kg1 Kg6 65.
Kf2 Qe5 66. Qe2 Qd5 67. Qa6+ Kg7 68. h5 Qe5 69. Qg6+ Kf8 70. Qxh6+ Ke8 71. Qf4 Qc5 72. Qd2 d3+ 73. Kf3 dxc2 74. Qc1 Qc3+ 75. Kf4 Qd4+ 76. Kxf5 Qf2+ 77. Kg6 Qb6+ 78. Kh7 Qc7+ 79. Kh6 Qd6+ 80. Kh7 Qd1 81. Qe3+ Kd8 82. Qb6+ Kd7 83. Qb5+ Kd6 84. Qb4+ Kd5 85. Qb5+ Ke4 86. Qc4+ Kf3 87. Qf4+ Kg2 88. Qe4+ Kh2 89. g4 c1=Q 90. Qe5+ Kg2 91. g5 Qxh5+ 92.
Kg7 Qhxg5+ 93. Qxg5+ Qxg5+ 0-1

[Event "Late-Titled-Tuesday-Blitz-March-19-2024"]
[Site "Chess.com"]
[Date "2024.03.19"]
[Round "9"]
[White "amanmuhammethommadov"]
[Black "BardArtem"]
[Result "0-1"]
[WhiteElo "2644"]
[BlackElo "2749"]
[TimeControl "180+1"]
[EndTime "15:46:03 PDT"]
[Termination "BardArtem won by resignation"]

1. e4 d5 2. exd5 Qxd5 3. Nc3 Qe5+ 4. Be2 Bg4 5. d4 Bxe2 6. Ngxe2 Qa5 7. O-O Nf6 8. b4 Qxb4 9. Qd3 Qd6 10. Rb1 Qa6 11.
Nb5 Qc6 12. d5 Qd7 13. Bf4 Na6 14. c4 g6 15. Ned4 Bg7 16. Nxc7+ Nxc7 17. Rxb7 Nfxd5 18. cxd5 Qxd5 19. Rxc7 Bxd4 20. Rd1 Rd8 21. Be3 Bb6 22.
Rxe7+ Kxe7 23. Qa3+ Ke6 24. Rxd5 Rxd5 25. h3 Rhd8 26.
Bxb6 axb6 27. Qe3+ Kf6 28. Qxb6+ Kg7 29. a4 Ra8 30.
Qb3 Rda5 31. Qc3+ Kg8 32. h4 h5 33. g3 Rxa4 34. Kg2 Ra3 35. Qf6 R3a6 36. Qe5 Re6 37. Qf4 Rae8 38. Kf1 Re4 39. Qf3 Re1+ 40. Kg2 R1e4 41.
Qd3 Rg4 42. f4 Re6 43. Qd8+ Kg7 44. Qd4+ Kg8 45. Qd2 Rf6 46. Kf3 Re6 47. Qd5 Re7 48.
Qc5 Re6 49. Qb4 Kg7 50. Qb8 Kf6 51. Qh8+ Ke7 52. Qd4 Rd6 53. Qc5 Kd7 54. Qa7+ Ke6 55. Qe3+ Kd7 56. Qe5 Rd3+ 57. Ke4 Rgxg3 58. Qb5+ Ke7 59.
Qb7+ Kf8 60. Ke5 Rge3+ 61. Kf6 Re6+ 62. Kg5 Kg7 63. f5 Rg3+ 64. Kf4 Rg4+ 65. Kf3 gxf5 66.
Qd5 Rxh4 67. Kg3 Rg4+ 68. Kh3 Rf6 69. Qe5 Kg6 70. Qe8 Kg5 71. Qe3+ f4 72. Qe5+ Kg6 73.
Qe8 f3 74. Qg8+ Kf5 75. Qh7+ Rfg6 76. Qxf7+ Ke4 77. Qc4+ Ke3 78. Qc3+ Kf4 79. Qd4+ Kf5 80.
Qd5+ Kf6 81. Qd6+ Kf7 82. Qd7+ Kg8 83. Qe8+ Kh7 84. Qe7+ Kh6 85. Qe3+ R4g5 86. Kh4 Kh7 87. Qe7+ Rg7 88. Qe4+ Kg8 89. Qe8+ Kh7 90. Qe4+ Kh6 91. Qe6+ R5g6 92. Qe3+ Kh7 93. Qxf3 Rg4+ 94. Kh3 Rg1 95. Qf5+ R1g6 96. Qxh5+ Rh6 97. Qxh6+ Kxh6 98. Kh4 Rg5 99. Kh3 Kh5 100. Kh2 Kh4 101. Kh1 Rc5 102. Kg2 Rc3 0-1

[Event "Late-Titled-Tuesday-Blitz-March-19-2024"]
[Site "Chess.com"]
[Date "2024.03.19"]
[Round "9"]
[White "GMKrikor"]
[Black "CuteSheepCloud"]
[Result "1-0"]
[WhiteElo "2818"]
[BlackElo "2649"]
[TimeControl "180+1"]
[EndTime "15:46:23 PDT"]
[Termination "GMKrikor won by resignation"]

1. Nf3 Nf6 2. c4 e6 3. Nc3 d5 4. d4 Bb4 5. cxd5 exd5 6. Bf4 c6 7. e3 O-O 8. Bd3 h6 9. O-O Be6 10. h3 Nbd7 11. Qc2 Rc8 12. a3 Ba5 13. b4 Bc7 14. Bxc7 Qxc7 15. Rfc1 Qd6 16. Rab1 a6 17. a4 Rfe8 18. Nd2 Nb6 19. Nb3 Rc7 20. Nc5 Nbd7 21. Qb2 Nxc5 22. dxc5 Qd7 23. Ne2 Bf5 24. Bxf5 Qxf5 25.
Nd4 Qg6 26. b5 axb5 27. axb5 Ne4 28. bxc6 bxc6 29. Qb6 Rcc8 30. Rb2 Kh7 31. Qa7 Ra8 32. Qd7 Rac8 33. Rb7 Rf8 34. Rc7 Rxc7 35. Qxc7 Qf6 36. f3 Nd2 37. Qxc6 Qg5 38. Re1 Qg3 39.
Re2 Rb8 40. Nb5 Nxf3+ 41. Kf1 Nh2+ 42. Kg1 Nf3+ 43. Kf1 Nh2+ 44. Kg1 Rd8 45. Qc7 Nf3+ 46. Kf1 Nh2+ 47. Kg1 Nf3+ 48. Kh1 Qg6 49. gxf3 Qb1+ 50. Kg2 Qxb5 51. Rd2 Ra8 52. Qf4 Qxc5 53. Qf5+ Kg8 54. Qxd5 Qc8 55. e4 Rb8 56. Qd6 Qf8 57. Qxf8+ Rxf8 58. Kg3 g6 59. h4 Kg7 60. h5 gxh5 61. Kh4 Kg6 62. Rg2+ Kf6 63. Kxh5 Ra8 64. Rg4 Ra1 65. Rf4+ Ke6 66. Kxh6 Rg1 67. Kh5 f6 68. Rf5 Rg2 69.
Kh4 Rg1 70. Kh3 Rg8 71. Kh2 Rg6 72. Rh5 Rg8 73. Rh3 Ke5 74. Rg3 Rh8+ 75. Kg2 Ra8 76. Rg4 Ra1 77. Rh4 Ra2+ 78. Kg3 Ke6 79. Rh5 Ra1 80.
Rb5 Ra8 81. Kf4 Rh8 82. Rb6+ Ke7 83. Ke3 Rh1 84. Kf4 Rh4+ 85. Kf5 Rh5+ 86. Kg4 Rg5+ 87. Kf4 Rh5 88. Ra6 Rh4+ 89. Ke3 Rh5 90. Rb6 Rh1 91. Rb5 Rh4 92. Rf5 Ke6 93. Rb5 Rh1 94. Kd4 Rd1+ 95. Ke3 Rc1 96. Rb6+ Ke7 97. Kf4 Rh1 98. Rb5 Rh4+ 99.
Kg3 Rh1 100. Rf5 Rh6 101. f4 Rh1 102. Rc5 Ra1 103. Kf3 Rh1 104. Ke3 Rh3+ 105. Kd4 Rh1 106. Rc7+ Kd6 107. Ra7 Rd1+ 108. Ke3 Re1+ 109. Kf3 Rf1+ 110. Kg4 Ke6 111. Ra6+ Ke7 112. Kf5 Rh1 113. Re6+ Kd7 114. Rxf6 Rh5+ 115. Kg4 Ra5 116. f5 Ke7 117. Re6+ Kf7 118. Kf4 Ra1 119. Rb6 Ra5 120. Rb7+ Kf6 121. e5+ Rxe5 122. Rb6+ 1-0

[Event "Late-Titled-Tuesday-Blitz-March-19-2024"]
[Site "Chess.com"]
[Date "2024.03.19"]
[Round "10"]
[White "AccioChess"]
[Black "amanmuhammethommadov"]
[Result "1-0"]
[WhiteElo "2513"]
[BlackElo "2633"]
[TimeControl "180+1"]
[EndTime "15:48:48 PDT"]
[Termination "AccioChess won by resignation"]

1. e4 e5 2. Nf3 Nf6 3. Nc3 Nc6 4. Bc4 Bc5 5. O-O O-O 6. d3 d6 7. h3 Na5 8. Bb3 Nxb3 9. axb3 a6 10. Bg5 h6 11. Bh4 g5 12. Nxg5 hxg5 13. Bxg5 c6 14. Kh1 Kg7 15. f4 exf4 16. d4 Bxd4 17. Qxd4 c5 18. Qd2 Kg6 19. Rxf4 Nh5 20. Bxd8 1-0

[Event "Late-Titled-Tuesday-Blitz-March-19-2024"]
[Site "Chess.com"]
[Date "2024.03.19"]
[Round "10"]
[White "emeli_chess"]
[Black "sacrifoice"]
[Result "1-0"]
[WhiteElo "2389"]
[BlackElo "2235"]
[TimeControl "180+1"]
[EndTime "15:48:59 PDT"]
[Termination "emeli_chess won by resignation"]

1. d4 Nf6 2. c4 e6 3. Nc3 Bb4 4. Qc2 b6 5. e4 Bb7 6. e5 Ne4 7. Nf3 f5 8. exf6 Qxf6 9. Bd3 Nxc3 10. bxc3 Bd6 11. Bxh7 Bxf3 12. Bg6+ Ke7 13. gxf3 Rxh2 14. Rg1 Nc6 15. Bg5 1-0

[Event "Late-Titled-Tuesday-Blitz-March-19-2024"]
[Site "Chess.com"]
[Date "2024.03.19"]
[Round "10"]
[White "GMBenjaminBok"]
[Black "Szparu"]
[Result "1-0"]
[WhiteElo "2970"]
[BlackElo "2798"]
[TimeControl "180+1"]
[EndTime "15:49:06 PDT"]
[Termination "GMBenjaminBok won by resignation"]

1. d4 Nf6 2. c4 c5 3. Nf3 cxd4 4. Nxd4 b6 5. Nc3 Bb7 6. f3 a6 7. e4 e6 8. Be2 d6 9. Be3 Nbd7 10. O-O g6 11.
Qd2 Bg7 12. Nb3 O-O 13. Qxd6 Qc8 14. Rfd1 Rd8 15. Na4 Bc6 16. Nxb6 Qb7 17. Nxa8 Qxa8 18. Na5 Bxe4 19. fxe4 Nxe4 20. Qc6 1-0

[Event "Late-Titled-Tuesday-Blitz-March-19-2024"]
[Site "Chess.com"]
[Date "2024.03.19"]
[Round "10"]
[White "CuteSheepCloud"]
[Black "Sinquefield"]
[Result "0-1"]
[WhiteElo "2639"]
[BlackElo "2551"]
[TimeControl "180+1"]
[EndTime "15:49:18 PDT"]
[Termination "Sinquefield won by resignation"]

1. e4 e6 2. d4 d5 3. Nd2 Nf6 4.
e5 Nfd7 5. Bd3 c5 6. c3 Nc6 7.
Ne2 cxd4 8. cxd4 f6 9. exf6 Nxf6 10. Nf3 Bd6 11. O-O Qc7 12. g3 O-O 13. Bf4 Bxf4 14.
Nxf4 Ng4 15. h3 Nh6 16. Re1 Nf5 17. Nxe6 Bxe6 18. Rxe6 Nxg3 19. Ng5 Ne4 20. Bxe4 dxe4 21. Qh5 h6 22. Nxe4 Nxd4 23. Rg6 Nf3+ 24. Kf1 Qc4+ 25. Kg2 Qxe4 26. Kg3 Ne5 27. Re6 Rf3+ 28. Kh2 Rxf2+ 0-1

[Event "Late-Titled-Tuesday-Blitz-March-19-2024"]
[Site "Chess.com"]
[Date "2024.03.19"]
[Round "10"]
[White "HaryKane"]
[Black "Yan_Dyomin2010"]
[Result "0-1"]
[WhiteElo "2587"]
[BlackElo "2726"]
[TimeControl "180+1"]
[EndTime "15:49:29 PDT"]
[Termination "Yan_Dyomin2010 won by resignation"]

1. f4 Nf6 2. Nf3 g6 3. d3 d5 4. g3 Bg7 5. Bg2 O-O 6. O-O c5 7. Qe1 d4 8. a4 Nc6 9. Na3 Be6 10. b3 Nd5 11. Ng5 Bc8 12. Nc4 Ncb4 13. Qd2 Ne3 14. Ba3 Nbxc2 15. Bxc5 Nxa1 16. Rxa1 Nxg2 17. Kxg2 Qd5+ 18.
Ne4 f5 19. Bxe7 fxe4 0-1

[Event "Late-Titled-Tuesday-Blitz-March-19-2024"]
[Site "Chess.com"]
[Date "2024.03.19"]
[Round "10"]
[White "RichardLeyvaP"]
[Black "Kombinator01"]
[Result "1-0"]
[WhiteElo "2553"]
[BlackElo "2437"]
[TimeControl "180+1"]
[EndTime "15:49:51 PDT"]
[Termination "RichardLeyvaP won by resignation"]

1. e4 e5 2. Nf3 Nf6 3. Nc3 Nc6 4. d4 exd4 5. Nxd4 Bb4 6. Nxc6 bxc6 7. Bd3 d5 8. exd5 cxd5 9. Qe2+ Qe7 10. Qxe7+ Bxe7 11. Nb5 Bd8 12. Bf4 Kd7 13. Bf5+ Kc6 14. Nxa7+ Rxa7 15. Bxc8 Be7 16. Bf5 Rb8 17. b3 Rba8 18. a4 Ne4 19. Bxe4 dxe4 20. Ke2 f5 21. Be5 g5 22. Rad1 Ra5 23. Bb2 f4 24. Rd4 e3 25. fxe3 Bc5 26. Rc4 Re8 27. Bd4 Kd5 28. Rd1 1-0

[Event "Late-Titled-Tuesday-Blitz-March-19-2024"]
[Site "Chess.com"]
[Date "2024.03.19"]
[Round "10"]
[White "Grischuk"]
[Black "Blitzstream"]
[Result "1-0"]
[WhiteElo "3049"]
[BlackElo "2845"]
[TimeControl "180+1"]
[EndTime "15:50:01 PDT"]
[Termination "Grischuk won by resignation"]

1. d4 Nf6 2. c4 e6 3. Bg5 c5 4. d5 Qb6 5. Nc3 a6 6. e4 Qxb2 7. Bd2 Qa3 8. e5 Ng8 9. Nf3 g6 10. Rb1 Bg7 11. Rb3 Qa5 12. Ne4 Qc7 13. Nd6+ Kf8 14.
Ng5 Nh6 15. Ngxf7 Nxf7 16. Qf3 Qxd6 17. exd6 Kg8 18. dxe6 dxe6 19. Rxb7 Ne5 20. Rxg7+ Kxg7 21. Qxa8 Nbc6 22. Bc3 1-0

[Event "Late-Titled-Tuesday-Blitz-March-19-2024"]
[Site "Chess.com"]
[Date "2024.03.19"]
[Round "10"]
[White "subham777"]
[Black "profedechess93"]
[Result "1-0"]
[WhiteElo "2552"]
[BlackElo "2644"]
[TimeControl "180+1"]
[EndTime "15:50:09 PDT"]
[Termination "subham777 won by resignation"]

1. e4 e6 2. Nf3 d5 3. Nc3 Nf6 4. e5 Nfd7 5. d4 c5 6. dxc5 Nc6 7. Bf4 Nxc5 8. Bd3 Be7 9. h4 f5 10. exf6 Bxf6 11. Ng5 Nxd3+ 12. Qxd3 e5 13. Nxh7 exf4 14. Qg6+ Ke7 15. O-O-O Be6 16. Rhe1 Rxh7 17. Qxh7 Kf7 18. Qh5+ g6 19. Qh7+ Bg7 20. Rxe6 1-0

[Event "Late-Titled-Tuesday-Blitz-March-19-2024"]
[Site "Chess.com"]
[Date "2024.03.19"]
[Round "10"]
[White "tolimachess"]
[Black "Crazy_girl99"]
[Result "1-0"]
[WhiteElo "2470"]
[BlackElo "2558"]
[TimeControl "180+1"]
[EndTime "15:50:09 PDT"]
[Termination "tolimachess won by resignation"]

1. e4 e6 2. d3 c5 3. Nc3 d5 4. exd5 exd5 5. g3 Nf6 6. Bg2 Be6 7.
Nge2 Nc6 8. O-O Bd6 9. d4 c4 10. Bg5 Be7 11. Nf4 O-O 12. Re1 Bg4 13. Qd2 h6 14. Bxf6 Bxf6 15. h3 Bf5 16. Ncxd5 Bxd4 17. c3 Bc5 18. Rad1 Qa5 19. a3 Rad8 20. Qe2 Kh7 21.
Qxc4 Bd6 22. Be4 Bxe4 23. Qxe4+ f5 24. Qe6 Qc5 25. Qg6+ Kh8 26. Ne6 1-0

[Event "Late-Titled-Tuesday-Blitz-March-19-2024"]
[Site "Chess.com"]
[Date "2024.03.19"]
[Round "10"]
[White "mind1mover"]
[Black "Meri-Arabidze"]
[Result "1-0"]
[WhiteElo "2802"]
[BlackElo "2675"]
[TimeControl "180+1"]
[EndTime "15:50:34 PDT"]
[Termination "mind1mover won by resignation"]

1. e4 c5 2. Nf3 e6 3. d4 cxd4 4. Nxd4 Nc6 5. Nc3 a6 6. Be3 Nf6 7. Bd3 Qc7 8. Qe2 Bb4 9. O-O Ne5 10. f4 Neg4 11. e5 Nxe3 12. Qxe3 Ng4 13. Qg3 Bxc3 14.
bxc3 Qxc3 15. Nxe6 dxe6 16. Bb5+ axb5 17. Qxc3 Bd7 18.
h3 Nh6 19. g4 O-O 20. Rad1 Bc6 21. f5 f6 22. fxe6 fxe5 23. Qxe5 Rfe8 24. g5 1-0

[Event "Late-Titled-Tuesday-Blitz-March-19-2024"]
[Site "Chess.com"]
[Date "2024.03.19"]
[Round "10"]
[White "Lion-Al-Messi"]
[Black "KetiTsatsalashvili"]
[Result "1-0"]
[WhiteElo "2575"]
[BlackElo "2460"]
[TimeControl "180+1"]
[EndTime "15:50:45 PDT"]
[Termination "Lion-Al-Messi won by resignation"]

1. e4 c5 2. Nf3 d6 3. d4 cxd4 4. Nxd4 Nf6 5. Nc3 Nc6 6. Bg5 e6 7. Qd2 a6 8. O-O-O Be7 9. f4 Qc7 10. Kb1 b5 11. Nxc6 Qxc6 12. e5 dxe5 13. fxe5 Nd7 14.
Bxe7 Kxe7 15. Bd3 h6 16. Be4 Qc7 17. Qd6+ Qxd6 18. exd6+ Kf6 19. Bxa8 b4 20. Rhf1+ Kg6 21. Ne4 f5 22. Nf2 Ne5 23. Nd3 Nc4 24. b3 Ne3 25. Ne5+ Kf6 26. d7 Kxe5 27. d8=Q Rxd8 28. Rxd8 Nxf1 29. Rxc8 1-0

[Event "Late-Titled-Tuesday-Blitz-March-19-2024"]
[Site "Chess.com"]
[Date "2024.03.19"]
[Round "10"]
[White "cristiano78"]
[Black "Horokoskii"]
[Result "0-1"]
[WhiteElo "2237"]
[BlackElo "2177"]
[TimeControl "180+1"]
[EndTime "15:50:55 PDT"]
[Termination "Horokoskii won by resignation"]

1. d4 Nf6 2. c4 g6 3. Nc3 Bg7 4. Nf3 d6 5. e4 O-O 6. Be2 Bg4 7. Be3 e5 8. d5 Bxf3 9. Bxf3 Nbd7 10. b4 a5 11. a3 Ne8 12. g4 f5 13. gxf5 gxf5 14. exf5 Rxf5 15. Bg4 Rf8 16. Ne4 Qh4 17. Be6+ Kh8 18.
Ng5 Ndf6 19. Rc1 axb4 20. axb4 Bh6 21. Qd2 Bxg5 22. Bxg5 Qe4+ 23. Qe3 Qxh1+ 24. Kd2 Qe4 25. Bxf6+ Nxf6 0-1

[Event "Late-Titled-Tuesday-Blitz-March-19-2024"]
[Site "Chess.com"]
[Date "2024.03.19"]
[Round "10"]
[White "DFeco"]
[Black "TregubovP"]
[Result "1/2-1/2"]
[WhiteElo "2497"]
[BlackElo "2689"]
[TimeControl "180+1"]
[EndTime "15:51:12 PDT"]
[Termination "Game drawn by repetition"]

1. d4 Nf6 2. Nf3 c5 3. d5 b5 4. Bg5 Qb6 5. Bxf6 Qxf6 6. c3 g6 7. e4 Qb6 8. Nbd2 Bg7 9. a4 b4 10. Nc4 Qb7 11. Qc2 O-O 12. Be2 d6 13. O-O bxc3 14. bxc3 Qc7 15. Rfb1 Ba6 16. Ra3 Nd7 17. Ne3 Bxe2 18. Qxe2 Rab8 19. Rb5 a6 20. Rxb8 Rxb8 21.
Nd2 Rb2 22. Qd1 Ne5 23. Nec4 Nxc4 24. Nxc4 Rb7 25. Rb3 Qb8 26. Rxb7 Qxb7 27. Qc2 h5 28. h4 Bf6 29. g3 Kg7 30. Kf1 Qd7 31. Kg2 Qb7 32.
Kf1 Qd7 33. Kg2 Qb7 34. Kf1 1/2-1/2

[Event "Late-Titled-Tuesday-Blitz-March-19-2024"]
[Site "Chess.com"]
[Date "2024.03.19"]
[Round "10"]
[White "Kampkatten"]
[Black "Vahe_Danielyan"]
[Result "1-0"]
[WhiteElo "2844"]
[BlackElo "2663"]
[TimeControl "180+1"]
[EndTime "15:51:15 PDT"]
[Termination "Kampkatten won by resignation"]

1. Nf3 Nf6 2. c4 g6 3. b3 Bg7 4. Bb2 O-O 5. g3 d6 6. d4 e5 7. dxe5 Ng4 8. Qc2 dxe5 9. h3 Bf5 10. e4 Nf6 11. exf5 e4 12. Nd4 c5 13. Ne2 Nc6 14. Nf4 Nd4 15. Bxd4 Qxd4 16. Nc3 Ng4 17. Nfd5 Ne5 18. Be2 Nd3+ 19. Bxd3 exd3 20. Qd2 Rae8+ 21. Kf1 Re2 22. Nxe2 dxe2+ 23. Kxe2 Re8+ 24. Ne3 Rxe3+ 25. Qxe3 1-0

[Event "Late-Titled-Tuesday-Blitz-March-19-2024"]
[Site "Chess.com"]
[Date "2024.03.19"]
[Round "10"]
[White "nihalsarin"]
[Black "Sargsyan_Shant"]
[Result "1-0"]
[WhiteElo "3163"]
[BlackElo "2946"]
[TimeControl "180+1"]
[EndTime "15:51:17 PDT"]
[Termination "nihalsarin won by resignation"]

1. Nf3 d5 2. e3 Nf6 3. c4 e6 4. Nc3 Bd6 5. b3 b6 6. Bb2 a6 7. Rc1 Bb7 8. cxd5 exd5 9. Ne2 Nbd7 10. g3 c5 11. Bg2 O-O 12. O-O Re8 13. d4 Rc8 14.
dxc5 bxc5 15. Nh4 Nb6 16. Nf5 Bf8 17. Nf4 g6 18. Nh4 Bg7 19. Nf3 a5 20. Rc2 a4 21.
Qa1 axb3 22. axb3 Ra8 23. Qb1 d4 24. exd4 cxd4 25. Nxd4 Bxg2 26. Nxg2 Qd5 27. Ne3 Qh5 28. Nc6 Qh3 29. Qd1 Nbd5 30. Nxd5 Ng4 31. Nce7+ Kf8 32. Bxg7+ Kxg7 33. Qd4+ f6 34. f3 Ne5 35. Rc7 Ra2 36.
Nxg6+ Nf7 37. Qxf6+ 1-0